 Dungeon Sprint DCSS version 0.23-b1-70-gd12f7cf (webtiles) character file.

Game seed: 12295620797379117573

275 poirepourri the Unseen (level 6, 0/27 (28) HPs)
             Began as a Spriggan Enchanter on Feb 6, 2019.
             Slain by a necrophage (3 damage)
             ... in the Dungeon (Sprint II: "The Violet Keep of Menkaure").
             The game lasted 00:01:30 (149 turns).

poirepourri the Unseen (Spriggan Enchanter)          Turns: 149, Time: 00:01:31

HP:   0/27 (28)     AC:  2    Str:  4    XL:     6   Next: 3%
MP:   6/11          EV: 18    Int: 16    God:
Gold: 486           SH:  0    Dex: 19    Spells: 4/10 levels left

rFire    . . .     SeeInvis +   a - +1 dagger
rCold    . . .     Gourm    .   (shield restricted)
rNeg     . . .     Faith    .   b - +0 robe
rPois    .         Spirit   .   (helmet restricted)
rElec    .         Reflect  .   (no cloak)
rCorr    .         Harm     .   (gloves unavailable)
MR       +....     NoTele   +   (boots unavailable)
Stlth    +++++++...             (no amulet)
HPRegen  0.09/turn              (no ring)
MPRegen  0.12/turn              (no ring)

@: very slightly contaminated, very quick
A: very small, unfitting armour, see invisible, herbivore, speed 3, slow
metabolism 2
a: no special abilities


You were in the Dungeon.
You were not hungry.

You visited 1 branch You collected 486 gold pieces.

Inventory:

Hand Weapons
 a - a +1 dagger (weapon)
Armour
 b - a +0 robe (worn)
Scrolls
 j - a scroll of blinking
Potions
 g - a potion of haste
 h - a potion of magic
Comestibles
 d - a ration


   Skills:
 - Level 1.1 Short Blades
 - Level 3.0 Dodging
 - Level 18.1 Stealth
 + Level 2.6 Spellcasting
 - Level 3.6 Hexes


You had 4 spell levels left.
You knew the following spells:

 Your Spells              Type           Power        Failure   Level  Hunger
a - Corona                Hex            ##.....      4%          1    #......
b - Ensorcelled Hibernat  Hex/Ice        #.....       14%         2    ##.....
c - Confuse               Hex            ##......     13%         3    ###....

Your spell library contained the following spells:

 Spells                   Type           Power        Failure   Level  Hunger
 Tukima's Dance           Hex            ##......     13%         3    ###....
 Dazzling Spray           Conj/Hex       #.....       28%         3    ###....


Dungeon Overview and Level Annotations

Branches:
Dungeon (1/1)

Altars:


Innate Abilities, Weirdness & Mutations

You are very small and have problems with some larger weapons.
You are too small for most types of armour.
You have supernaturally acute eyesight. (SInv)
You are a herbivore.
You cover ground extremely quickly.
You need to consume almost no food.


Message History

Casting: Confuse (safe; 13% risk of failure)
Confirm with . or Enter, or press ? or * to list all spells.
Aiming: Confuse (safe; 13% risk of failure)
Press: ? - help, Shift-Dir - straight line, f/p - necrophage
Aim: a necrophage (severely damaged, chance to defeat MR: 27%)
The necrophage easily resists.
The necrophage barely misses you.
Casting: Confuse (safe; 13% risk of failure)
Confirm with . or Enter, or press ? or * to list all spells.
Aiming: Confuse (safe; 13% risk of failure)
Press: ? - help, Shift-Dir - straight line, f/p - necrophage
Aim: a necrophage (severely damaged, chance to defeat MR: 27%)
The necrophage appears confused.
You see here a worm corpse.
You hit the necrophage but do no damage.
The necrophage is severely damaged.
The necrophage closely misses you.
You hit the necrophage but do no damage.
The necrophage is severely damaged.
The necrophage hits you.
You die...

##+## ##.#.##
#†.#..#
#####.#####
##†###'###.##
#.†.##.##...#
+$##'.<.n##.+
#...##.##@###
##n# #+###†#
## ###


You could see a necrophage (confused).

Vanquished Creatures
  2 necrophages (D)
  4 worker ants (D)
  3 worms (D)
9 creatures vanquished.

Vanquished Creatures (others)
  Menkaure (D)
  A crocodile (D)
2 creatures vanquished.

Grand Total: 11 creatures vanquished

Notes
Turn   | Place    | Note
-------+----------+-------------------------------------------
     0 | D        | poirepourri the Spriggan Enchanter began the quest for the
                  | Orb.
     0 | D        | Reached XP level 1. HP: 9/9 MP: 5/5
     4 | D        | Reached skill level 6 in Stealth
     7 | D        | Killed a crocodile
    12 | D        | Reached skill level 7 in Stealth
    18 | D        | Reached skill level 8 in Stealth
    18 | D        | Reached XP level 2. HP: 13/13 MP: 3/6
    35 | D        | Killed Menkaure
    63 | D        | Learned a level 2 spell: Ensorcelled Hibernation
    77 | D        | Reached skill level 10 in Stealth
    77 | D        | Reached XP level 3. HP: 16/16 MP: 8/8
    78 | D        | Reached skill level 12 in Stealth
    80 | D        | Reached skill level 13 in Stealth
    80 | D        | Reached XP level 4. HP: 21/21 MP: 9/9
    83 | D        | Reached skill level 14 in Stealth
    90 | D        | Noticed a necrophage
    90 | D        | Noticed a necrophage
    90 | D        | Noticed a necrophage
    90 | D        | Noticed a necrophage
    93 | D        | Killed a necrophage
    93 | D        | Reached skill level 16 in Stealth
    93 | D        | Reached XP level 5. HP: 24/24 MP: 10/10
    94 | D        | Killed a necrophage
    94 | D        | Reached skill level 18 in Stealth
    94 | D        | Reached XP level 6. HP: 28/28 MP: 11/11
   105 | D        | Learned a level 3 spell: Confuse
   149 | D        | Slain by a necrophage

Skill      XL: |  1  2  3  4  5 |
---------------+----------------+-----
Stealth        | 8 10 13 16 18 | 18.1
Short Blades   | |  1.1
Dodging        | |  3.0
Spellcasting   | |  2.6
Hexes          | |  3.6

Action                   |  1- 3 |  4- 6 || total
-------------------------+-------+-------++-------
Melee: Dagger            |    11 |    35 ||    46
 Cast: Corona            |     1 |       ||     1
       Confuse           |       |     4 ||     4
  Use: Potion            |     1 |     3 ||     4
 Stab: Sleeping          |     4 |     3 ||     7
Armor: Robe              |       |     1 ||     1
Dodge: Dodged            |     2 |    24 ||    26
